[Event "Titled Tuesday Blitz June 6 Early 2023"]
[White "Korchmar, Vasiliy"]
[Black "Fernandez Guillen, Ernesto J."]
[WhiteFideId "24131750"]
[BlackFideId "3512428"]
[WhiteElo "2370"]
[BlackElo "2434"]
[Result "0-1"]
[Round "11"]
[TimeControl "180+2"]
[Date "2023.06.06"]
[WhiteClock "0:00:02"]
[BlackClock "0:01:12"]
[Board "20"]

1. e4 e5 2. Nf3 Nc6 3. Bc4 g6 4. d4 exd4 5. Nxd4 Bg7 6. Be3 Nge7 7. Nc3 O-O 8. h4 h5 9. Qd2 Ne5 10. Bb3 c5 11. Nf3 c4 12. Nxe5 cxb3 13. Nc4 bxc2 14. Nd6 b6 15. g4 hxg4 16. h5 Ba6 17. Bh6 Qc7 18. hxg6 fxg6 19. Bxg7 Kxg7 20. Qh6+ Kf6 21. e5+ Ke6 22. Nce4 Rh8 0-1


[Site "https://www.chess.com"]

[Event "Titled Tuesday Blitz June 6 Early 2023"]
[White "Horvath, Dominik"]
[Black "Shuvalova, Polina"]
[WhiteFideId "1642561"]
[BlackFideId "24171760"]
[WhiteElo "2407"]
[BlackElo "2281"]
[Result "0-1"]
[Round "11"]
[TimeControl "180+2"]
[Date "2023.06.06"]
[WhiteClock "0:00:01"]
[BlackClock "0:00:29"]
[Board "21"]

1. e4 c6 2. d4 d5 3. e5 Bf5 4. h4 h5 5. Bd3 Bxd3 6. Qxd3 Qa5+ 7. b4 Qa6 8. Qb3 e6 9. Nf3 Nd7 10. a4 b6 11. Bd2 Nh6 12. Nc3 Nf5 13. Ne2 Be7 14. a5 O-O 15. Rg1 Rab8 16. c3 bxa5 17. Qd1 Bxh4 18. g4 hxg4 19. Nxh4 Nxh4 20. Rg3 f5 21. Nf4 Rbe8 22. Rxa5 Qc4 23. Qe2 Nf3+ 24. Rxf3 gxf3 25. Qxc4 dxc4 26. Rxa7 Nb6 27. Rc7 Ra8 28. Nxe6 Ra1+ 29. Bc1 Rf7 30. Kd2 Rxc7 31. Nxc7 Kf7 32. Kc2 Nd5 0-1


[Site "https://www.chess.com"]

[Event "Titled Tuesday Blitz June 6 Early 2023"]
[White "Kleiman, Jake"]
[Black "Galchenko, Matvey"]
[WhiteFideId "2020041"]
[BlackFideId "24175480"]
[WhiteElo "2699"]
[BlackElo "2423"]
[Result "0-1"]
[Round "11"]
[TimeControl "180+2"]
[Date "2023.06.06"]
[WhiteClock "0:00:05"]
[BlackClock "0:00:08"]
[Board "22"]

1. e4 c5 2. c3 d5 3. exd5 Qxd5 4. d4 Nf6 5. Nf3 Bg4 6. Nbd2 e6 7. Bc4 Qd8 8. Qb3 Qc7 9. Ne5 cxd4 10. cxd4 Nc6 11. Qa4 Bd6 12. Nxg4 Nxg4 13. d5 exd5 14. Bxd5 Nf6 15. Bxc6+ bxc6 16. h3 O-O 17. O-O Rfe8 18. Nf3 Re4 19. Qc2 Rae8 20. Bg5 Nd5 21. Rac1 c5 22. Rfd1 h6 23. Rxd5 hxg5 24. Rxg5 Qe7 25. Qc3 f6 26. Rd5 Bf4 27. Rcd1 c4 28. R5d4 Qc5 29. Rxe4 Rxe4 30. Qc2 Qe7 31. g3 Bc7 32. Kg2 Bb6 33. Rd2 Qe6 34. Qd1 Qc6 35. Rd6 Qc5 36. Rd2 Re7 37. h4 Qc6 38. Re2 Rd7 39. Qe1 Rd3 40. Re8+ Kf7 41. Re4 Rxf3 42. Re7+ Kf8 43. Re8+ Qxe8 44. Qb4+ Qe7 45. Qxe7+ Kxe7 46. Kxf3 Bd4 47. b3 c3 48. Ke2 Bxf2 0-1


[Site "https://www.chess.com"]

[Event "Titled Tuesday Blitz June 6 Early 2023"]
[White "Sychev, Klementy"]
[Black "Samunenkov, Ihor"]
[WhiteFideId "4114060"]
[BlackFideId "14187086"]
[WhiteElo "2583"]
[BlackElo "2457"]
[Result "1-0"]
[Round "11"]
[TimeControl "180+2"]
[Date "2023.06.06"]
[WhiteClock "0:00:07"]
[BlackClock "0:00:03"]
[Board "23"]

1. e4 c5 2. b4 cxb4 3. a3 bxa3 4. Bxa3 Nc6 5. d4 d5 6. Nc3 e6 7. Bxf8 Kxf8 8. Nf3 Nf6 9. Bd3 dxe4 10. Bxe4 Nxe4 11. Nxe4 Qd5 12. Nc3 Qc4 13. Qd2 b5 14. Ne2 Bb7 15. O-O Rd8 16. Rfd1 f6 17. Ng3 Kg8 18. h4 h6 19. Qf4 a6 20. Qc7 Ba8 21. Rxa6 Kh7 22. Nh5 Rhg8 23. Nxf6+ Kh8 24. Nxg8 Nxd4 25. Qxc4 Nxf3+ 26. gxf3 Rxd1+ 27. Kg2 bxc4 28. Rxa8 Kh7 29. Ne7 Rd2 30. h5 g5 31. hxg6+ Kg7 32. Ra6 Rxc2 33. Rxe6 c3 34. Nf5+ Kg8 35. Re8# 1-0


[Site "https://www.chess.com"]

[Event "Titled Tuesday Blitz June 6 Early 2023"]
[White "Harutjunyan, Gevorg"]
[Black "De La Colina, Nicolas"]
[WhiteFideId "13300873"]
[BlackFideId "30946921"]
[WhiteElo "2474"]
[BlackElo "2046"]
[Result "1/2-1/2"]
[Round "11"]
[TimeControl "180+2"]
[Date "2023.06.06"]
[WhiteClock "0:00:17"]
[BlackClock "0:00:12"]
[Board "24"]

1. e4 c5 2. Nc3 Nc6 3. Bb5 Nd4 4. Bc4 e6 5. Nge2 Nf6 6. O-O a6 7. a4 d5 8. exd5 exd5 9. Ba2 Nc6 10. d3 Be7 11. Nf4 Nb4 12. Bb3 O-O 13. Re1 Re8 14. Bd2 Bf5 15. a5 Rc8 16. h3 h6 17. Qf3 c4 18. Ba4 Bd7 19. Ncxd5 Nbxd5 20. Nxd5 Nxd5 21. Qxd5 Bxa4 22. Qxd8 Rexd8 23. Rxa4 Bf6 24. Rb4 cxd3 25. c3 Rd7 26. Ree4 Rc6 27. f4 Bd8 28. Rbd4 Rxd4 29. Rxd4 Bxa5 30. Rxd3 Kf8 31. Kf1 Ke7 32. g4 Rd6 33. Re3+ Re6 34. Ke2 Bb6 35. Rxe6+ Kxe6 36. Kd3 f5 37. Be3 Bxe3 38. Kxe3 fxg4 39. hxg4 g6 40. Kf3 Kf6 41. b4 b5 42. Ke4 h5 43. Kf3 Ke7 44. Kg3 Kf6 45. Kh4 hxg4 46. Kxg4 Kf7 47. Kg5 Kg7 48. Kg4 Kf6 49. Kf3 Ke6 50. Ke3 Kf5 51. Kf3 Ke6 52. Ke4 Kf6 53. Ke3 Kf5 54. Kf3 Kf6 55. Kg4 Ke6 56. Kg5 Kf7 57. f5 gxf5 58. Kxf5 Ke7 59. Ke5 Kd7 60. Kd5 Kc7 61. Kc5 Kb7 62. c4 bxc4 63. Kxc4 Kb6 64. Kb3 Kb5 65. Ka3 a5 66. bxa5 Kxa5 1/2-1/2


[Site "https://www.chess.com"]

[Event "Titled Tuesday Blitz June 6 Early 2023"]
[White "Begmuratov, Alisher"]
[Black "Harsh Suresh"]
[WhiteFideId "14203367"]
[BlackFideId "45018464"]
[WhiteElo "2387"]
[BlackElo "2209"]
[Result "0-1"]
[Round "11"]
[TimeControl "180+2"]
[Date "2023.06.06"]
[WhiteClock "0:00:02"]
[BlackClock "0:01:02"]
[Board "25"]

1. c4 d6 2. d4 e5 3. Nc3 exd4 4. Qxd4 Nc6 5. Qd2 Nf6 6. b3 Be6 7. Bb2 d5 8. cxd5 Nxd5 9. a3 Nb6 10. Nf3 Qxd2+ 11. Nxd2 Nd4 12. O-O-O Nxb3+ 13. Nxb3 Bxb3 14. Rd3 Bc4 15. Rd2 Rd8 16. Rxd8+ Kxd8 17. e4 c6 18. Be2 Bc5 19. Rd1+ Kc7 20. Bg4 Rd8 21. Rxd8 Kxd8 22. Nd1 f6 23. e5 fxe5 24. Bxe5 Bxa3+ 25. Kc2 g6 26. Ne3 Bd5 27. Bd4 Be4+ 28. Kb3 Bd6 29. g3 c5 30. Bf6+ Kc7 31. f4 a5 32. h4 a4+ 33. Ka2 Nd7 34. Bb2 b5 35. h5 c4 36. hxg6 hxg6 37. Bd4 Bc5 38. Bxc5 Nxc5 39. Ka3 Kb6 40. f5 gxf5 41. Bxf5 Ka5 42. Ka2 Bxf5 43. Nxf5 b4 44. g4 Ne4 45. Nd4 a3 46. Nc6+ Ka4 47. Nd4 b3+ 48. Ka1 b2+ 49. Ka2 Nc3# 0-1


[Site "https://www.chess.com"]

[Event "Titled Tuesday Blitz June 6 Early 2023"]
[White "Hambleton, Aman"]
[Black "Manukyan, Sargis V."]
[WhiteFideId "2606577"]
[BlackFideId "13303465"]
[WhiteElo "2511"]
[BlackElo "2236"]
[Result "0-1"]
[Round "11"]
[TimeControl "180+2"]
[Date "2023.06.06"]
[WhiteClock "0:00:03"]
[BlackClock "0:00:25"]
[Board "26"]

1. d4 Nf6 2. Bf4 c5 3. e3 b6 4. c3 Bb7 5. h3 d6 6. Nf3 g6 7. Bd3 Bg7 8. Nbd2 Nbd7 9. O-O O-O 10. Bh2 a6 11. a4 Rc8 12. Qe2 Nb8 13. Rfe1 Rc7 14. e4 cxd4 15. cxd4 Qd7 16. e5 Nd5 17. exd6 exd6 18. Nc4 Rc6 19. Be4 Re8 20. Qd3 Rxe4 21. Qxe4 Rxc4 22. Qe8+ Bf8 23. Qxd7 Nxd7 24. b3 Rc8 25. Nd2 b5 26. axb5 axb5 27. Ra7 Rb8 28. Ne4 N7f6 29. Nxd6 Bxd6 30. Bxd6 Rd8 31. Be7 Nxe7 32. Rxe7 Bd5 33. b4 Bc4 34. f3 Rxd4 35. Rec7 Rd1+ 36. Kf2 Rb1 37. g4 g5 38. Rab7 Rxb4 39. h4 h6 40. hxg5 hxg5 41. Rc5 Nd5 42. Rd7 Rb2+ 43. Kg3 Rd2 44. Rd6 Kg7 45. Rc7 Rd3 46. Rc5 f6 47. Rcc6 Nf4 48. Rxd3 Nxd3 49. Rc7+ Kg6 50. Rb7 Nf4 51. Kf2 Nd3+ 52. Ke3 Ne5 53. f4 Nxg4+ 54. Kf3 Bd5+ 55. Kg3 Bxb7 56. f5+ Kxf5 57. Kh3 Ne5 58. Kh2 b4 59. Kg3 b3 60. Kh3 b2 61. Kh2 b1=Q 62. Kg3 Qd3+ 63. Kh2 Ng4+ 64. Kg1 Qd1# 0-1


[Site "https://www.chess.com"]

[Event "Titled Tuesday Blitz June 6 Early 2023"]
[White "Souleidis, Georgios"]
[Black "Molina, Roberto Junio Brito"]
[WhiteFideId "4206827"]
[BlackFideId "2109450"]
[WhiteElo "2401"]
[BlackElo "2376"]
[Result "0-1"]
[Round "11"]
[TimeControl "180+2"]
[Date "2023.06.06"]
[WhiteClock "0:00:12"]
[BlackClock "0:01:03"]
[Board "27"]

1. e4 c6 2. Nc3 d5 3. Nf3 Bg4 4. h3 Bxf3 5. Qxf3 e6 6. d4 Nf6 7. exd5 cxd5 8. Bd3 Nc6 9. Ne2 a6 10. c3 Be7 11. O-O O-O 12. Bf4 Ne8 13. Rfe1 Bd6 14. a4 Bxf4 15. Nxf4 Nd6 16. Nh5 Qg5 17. g3 g6 18. Nf6+ Kg7 19. Nd7 Rfd8 20. h4 Qe7 21. Ne5 Nxe5 22. dxe5 Nc4 23. b3 Na5 24. b4 Nc6 25. b5 axb5 26. Bxb5 Na5 27. Qf4 h6 28. Qb4 Qf8 29. Rab1 Rdc8 30. Qd4 Qc5 31. Re3 Qxd4 32. cxd4 Rc7 33. Re2 Rac8 34. Reb2 Rc1+ 35. Kg2 Rxb1 36. Rxb1 Rc3 37. Kf1 Nb3 38. Rd1 g5 39. hxg5 hxg5 40. Ke2 Rc2+ 41. Kf3 Nd2+ 42. Kg4 Ne4 43. f3 Nf2+ 0-1


[Site "https://www.chess.com"]

[Event "Titled Tuesday Blitz June 6 Early 2023"]
[White "Sourath Biswas"]
[Black "Djordjevic, Vuk"]
[WhiteFideId "35091484"]
[BlackFideId "902098"]
[WhiteElo "2171"]
[BlackElo "2463"]
[Result "1-0"]
[Round "11"]
[TimeControl "180+2"]
[Date "2023.06.06"]
[WhiteClock "0:00:11"]
[BlackClock "0:00:03"]
[Board "28"]

1. d4 Nf6 2. Bf4 e6 3. e3 d5 4. Nf3 Bd6 5. Nbd2 Bxf4 6. exf4 Qd6 7. g3 b6 8. c3 c5 9. Bd3 O-O 10. Qe2 a5 11. a4 Ba6 12. Bxa6 Rxa6 13. O-O Ra7 14. Nb1 Ne4 15. Na3 Re7 16. Nb5 Qd8 17. Rfd1 c4 18. Nd2 Nd6 19. b3 Nxb5 20. axb5 cxb3 21. Nxb3 Rc7 22. Rdc1 Qd7 23. Nd2 Rfc8 24. Qd3 Qd6 25. Kg2 Nd7 26. Nf3 Rc4 27. Nd2 R4c7 28. Nf3 f6 29. Ra2 Nf8 30. h4 Qd7 31. Nd2 Ng6 32. h5 Ne7 33. Nf1 Nf5 34. g4 Nd6 35. Ne3 Qxb5 36. Qxb5 Nxb5 37. Rb2 Nxc3 38. Rxb6 Ne2 39. Rxc7 Rxc7 40. f5 Nf4+ 41. Kf3 e5 42. h6 Kf7 43. hxg7 Kxg7 44. dxe5 fxe5 45. g5 d4 46. Ng4 Nd5 47. Rd6 Nc3 48. f6+ Kg6 49. Nxe5+ Kxg5 50. f7 Rc8 51. Nd7 a4 52. f8=Q Rxf8+ 53. Nxf8 a3 54. Ra6 a2 55. Ne6+ Kf5 56. Nxd4+ Ke5 57. Ne2 Nd5 58. Rxa2 Nb4 59. Ra5+ Kf6 60. Ra4 Nc6 61. Ra6 1-0


[Site "https://www.chess.com"]

[Event "Titled Tuesday Blitz June 6 Early 2023"]
[White "qx4z"]
[Black "Iskusnyh, Sergei"]
[BlackFideId "4120027"]
[WhiteElo "2756"]
[BlackElo "2492"]
[Result "0-1"]
[Round "11"]
[TimeControl "180+2"]
[Date "2023.06.06"]
[WhiteClock "0:00:06"]
[BlackClock "0:00:07"]
[Board "29"]

1. d4 d5 2. Bf4 Nf6 3. e3 c5 4. Nf3 Nc6 5. Nbd2 cxd4 6. exd4 Bg4 7. c3 e6 8. Qb3 Bd6 9. Qxb7 O-O 10. Bg5 Rc8 11. Bd3 Na5 12. Qa6 Rc6 13. Qb5 Qc7 14. Qa4 Rb8 15. Qc2 Rcb6 16. b4 Nc6 17. O-O Rc8 18. b5 Nb4 19. cxb4 Qxc2 20. Bxc2 Rxc2 21. Rfc1 Rxc1+ 22. Rxc1 h6 23. Bxf6 gxf6 24. a4 Bxb4 25. Rc8+ Kg7 26. h3 Bh5 27. g4 Bg6 28. Nb3 a6 29. Rc6 Rxc6 30. bxc6 Bd6 31. Nc5 Kf8 32. Nxa6 Ke8 33. Ne1 Kd8 34. Kf1 f5 35. Ke2 fxg4 36. hxg4 f5 37. f3 h5 38. gxh5 Bxh5 39. Nd3 Be8 40. Ndb4 Kc8 41. Nc5 Bxc5 42. dxc5 Kc7 43. a5 Bxc6 44. f4 Ba8 45. Ke3 Kd7 46. Kd4 Kc7 47. Ke5 Bb7 48. a6 Bc8 49. a7 Bb7 50. Kd4 Ba8 51. c6 Kb6 52. Ke5 Kxa7 53. Kd6 Kb8 54. Kd7 Ka7 55. c7 Bb7 56. Nd3 Kb6 57. Ne5 d4 58. Nd3 Kb5 59. Kxe6 Kc4 60. Ne5+ Kc3 61. Nd7 d3 62. Nc5 Bc8+ 63. Ke5 d2 0-1


[Site "https://www.chess.com"]

[Event "Titled Tuesday Blitz June 6 Early 2023"]
[White "splendidkid"]
[Black "Reprintsev, Alexander"]
[BlackFideId "14100541"]
[WhiteElo "2751"]
[BlackElo "2229"]
[Result "1-0"]
[Round "11"]
[TimeControl "180+2"]
[Date "2023.06.06"]
[WhiteClock "0:00:32"]
[BlackClock "0:00:03"]
[Board "30"]

1. d4 d5 2. c4 e5 3. dxe5 d4 4. Nf3 Nc6 5. g3 Nge7 6. Bg2 Ng6 7. O-O Ngxe5 8. Nxe5 Nxe5 9. Qa4+ Bd7 10. Qb3 Bc6 11. Bxc6+ bxc6 12. Bf4 Ng6 13. Qb7 Rb8 14. Qxc6+ Qd7 15. Qe4+ Be7 16. b3 Nxf4 17. Qxf4 d3 18. Nc3 Bf6 19. Qe3+ Kf8 20. Rac1 d2 21. Rcd1 Re8 22. Qc5+ Kg8 23. Nd5 Rxe2 24. Qxa7 h5 25. Qc5 Rh6 26. Nf4 Re5 27. Qb4 h4 28. Rxd2 Qg4 29. f3 Qg5 30. Kg2 Rf5 31. Nh3 Qe3 32. g4 c5 33. Qb8+ Kh7 34. Rff2 Re5 35. Qb7 Qe1 36. Qxf7 Qb1 37. Rde2 Rxe2 38. Rxe2 Bd4 39. Qf5+ Rg6 40. Qxb1 1-0


[Site "https://www.chess.com"]

[Event "Titled Tuesday Blitz June 6 Early 2023"]
[White "Quintiliano Pinto, Renato R."]
[Black "Marcziter, Dmitrii"]
[WhiteFideId "2117568"]
[BlackFideId "13900765"]
[WhiteElo "2459"]
[BlackElo "2162"]
[Result "1-0"]
[Round "11"]
[TimeControl "180+2"]
[Date "2023.06.06"]
[WhiteClock "0:00:40"]
[BlackClock "0:01:15"]
[Board "31"]

1. Nf3 Nf6 2. c4 g6 3. g3 Bg7 4. Bg2 O-O 5. O-O Nc6 6. d4 d5 7. cxd5 Nxd5 8. Nc3 Nb6 9. e3 Re8 10. h3 e5 11. d5 Na5 12. e4 c6 13. Bg5 Qd7 14. dxc6 bxc6 15. Qe2 h6 16. Rfd1 Qe6 17. Be3 Nac4 18. b3 Nxe3 19. Qxe3 Ba6 20. Rac1 Rad8 21. Kh2 Kh7 22. h4 Bf8 23. h5 Ba3 24. Rb1 Bb4 25. hxg6+ fxg6 26. Bf1 Bxf1 27. Rxf1 a5 28. Kg2 Nd7 29. Rh1 Kg8 30. Qxh6 Nf8 31. Qh8+ Kf7 32. Ng5+ Ke7 33. Qg7+ Kd6 34. Rhd1+ Kc5 35. Na4+ Kb5 36. Qb7# 1-0


[Site "https://www.chess.com"]

[Event "Titled Tuesday Blitz June 6 Early 2023"]
[White "Yeletsky, Ivan"]
[Black "Devaev, Alexander"]
[WhiteFideId "24180327"]
[BlackFideId "4169395"]
[WhiteElo "2380"]
[BlackElo "2172"]
[Result "1-0"]
[Round "11"]
[TimeControl "180+2"]
[Date "2023.06.06"]
[WhiteClock "0:00:36"]
[BlackClock "0:00:04"]
[Board "32"]

1. e4 c6 2. d4 d5 3. e5 Bf5 4. Nf3 e6 5. Be2 Nd7 6. O-O a6 7. Nbd2 h6 8. b3 Ne7 9. c4 Bg6 10. Ba3 Bh5 11. h3 Bxf3 12. Nxf3 Ng6 13. Bc1 Be7 14. Bd3 O-O 15. cxd5 cxd5 16. g3 f5 17. exf6 Rxf6 18. Re1 Bd6 19. Nh2 Ngf8 20. Ng4 Rf7 21. h4 Qc7 22. Kg2 Re8 23. Bb2 e5 24. Rc1 Qb8 25. dxe5 Nxe5 26. Bb1 Nxg4 27. Qxg4 Rxe1 28. Rxe1 Bc5 29. Re2 Qa7 30. h5 Rxf2+ 31. Rxf2 Bxf2 32. Qxg7# 1-0


[Site "https://www.chess.com"]

[Event "Titled Tuesday Blitz June 6 Early 2023"]
[White "Atakhan, Abtin"]
[Black "Degenbaev, Aziz"]
[WhiteFideId "22502203"]
[BlackFideId "13802640"]
[WhiteElo "2008"]
[BlackElo "2152"]
[Result "1/2-1/2"]
[Round "11"]
[TimeControl "180+2"]
[Date "2023.06.06"]
[WhiteClock "0:00:02"]
[BlackClock "0:00:02"]
[Board "33"]

1. Nf3 Nf6 2. c4 g6 3. Nc3 Bg7 4. e4 d6 5. d4 O-O 6. Be2 e5 7. O-O Nc6 8. d5 Ne7 9. Ne1 Nd7 10. Nd3 f5 11. f3 f4 12. b4 g5 13. a4 h5 14. c5 Nf6 15. a5 Ng6 16. Nf2 Kh8 17. Kh1 Rf7 18. c6 bxc6 19. dxc6 a6 20. Rg1 Qe8 21. b5 axb5 22. Nxb5 Qxc6 23. Bd2 Qe8 24. Qc2 Qd8 25. Qc6 Ra6 26. Qc4 Re7 27. Bb4 Ra8 28. Rac1 c5 29. Bd2 Be6 30. Qd3 Rd7 31. g3 Bh6 32. gxf4 Nxf4 33. Bxf4 gxf4 34. a6 Bf8 35. a7 Rb7 36. Qd2 c4 37. Rb1 Qd7 38. Qa5 d5 39. Qa6 dxe4 40. Rg6 exf3 41. Bxf3 Raxa7 42. Nxa7 Rxb1+ 43. Kg2 e4 44. Bxe4 Nxe4 45. Rxe6 Nxf2 46. Qxc4 Qg7+ 47. Kf3 Qg4+ 48. Kxf2 Qg1+ 49. Kf3 Rf1+ 50. Ke4 Qg2+ 51. Kf5 Qg4+ 52. Kf6 Bg7+ 53. Kf7 Qf5+ 54. Ke8 Rb1 55. Nc6 Rb7 56. Kd8 Qf8+ 57. Re8 Bf6+ 58. Kc8 Qxe8+ 59. Kxb7 Qd7+ 60. Kb6 f3 61. Qc5 Qf7 62. Kb5 Qb3+ 63. Ka6 Qf7 64. Qf5 Qc4+ 65. Kb7 Qf7+ 66. Ka6 Qa2+ 67. Kb7 Qf7+ 68. Ka6 1/2-1/2


[Site "https://www.chess.com"]

[Event "Titled Tuesday Blitz June 6 Early 2023"]
[White "Fier, Alexandr"]
[Black "Streltsov, Alexey"]
[WhiteFideId "2107139"]
[BlackFideId "24104434"]
[WhiteElo "2610"]
[BlackElo "2564"]
[Result "1-0"]
[Round "11"]
[TimeControl "180+2"]
[Date "2023.06.06"]
[WhiteClock "0:01:36"]
[BlackClock "0:00:01"]
[Board "34"]

1. e4 c6 2. f4 d5 3. e5 Bf5 4. Nf3 e6 5. Be2 c5 6. O-O Nc6 7. d3 f6 8. c3 d4 9. cxd4 Nxd4 10. Nxd4 Qxd4+ 11. Kh1 fxe5 12. fxe5 O-O-O 13. Nc3 Kb8 14. Rf4 Qd7 15. Ra4 Ne7 16. Bg5 h6 17. Bxe7 Bxe7 18. a3 Bg5 19. b4 Be3 20. bxc5 Bd4 21. Rc1 Bxe5 22. Rb4 Bd4 23. Bf3 Bxc5 24. Rxb7+ Qxb7 25. Bxb7 Kxb7 26. Na4 Bb6 27. Nc5+ Kb8 28. Qf3 Rd5 29. Na6+ Kb7 30. Nb4 Rd8 31. Nxd5 Rxd5 32. h3 Ka6 33. Qg3 g5 34. Qb8 Bxd3 35. a4 Bf5 36. a5 Kxa5 37. Qc8 Rd4 38. Qc6 Ra4 39. Re1 Bd4 40. Qc7+ Ka6 41. g4 Bd3 42. Rxe6+ Kb5 43. Qb7+ Kc4 44. Rc6+ Bc5 45. Qf7+ Kb4 46. Qd5 1-0


[Site "https://www.chess.com"]

[Event "Titled Tuesday Blitz June 6 Early 2023"]
[White "Machidon, Cristi"]
[Black "Koshulyan, Egor A."]
[WhiteFideId "13904590"]
[BlackFideId "24237000"]
[WhiteElo "2355"]
[BlackElo "2216"]
[Result "0-1"]
[Round "11"]
[TimeControl "180+2"]
[Date "2023.06.06"]
[WhiteClock "0:00:34"]
[BlackClock "0:01:21"]
[Board "35"]

1. e4 c5 2. Nf3 Nc6 3. Bb5 g5 4. Bxc6 dxc6 5. Nxg5 Nf6 6. d3 Rg8 7. O-O h6 8. Nf3 Bh3 9. Ne1 Qd7 10. f3 O-O-O 11. Qe2 Nh5 12. Kh1 Be6 13. Be3 Qd6 14. f4 Bg4 15. Qf2 e5 16. f5 Be7 17. h3 Be2 18. Rg1 Ng3+ 19. Kh2 Bh4 20. Bxc5 Qf6 21. Qe3 Bg5 22. Qxg3 Bf4 23. Qxf4 exf4 24. Nc3 Qh4 25. Nxe2 Qf6 26. Rb1 Qe5 27. Bf2 f3+ 28. Bg3 Rxg3 29. Nxg3 f2 30. Nf3 fxg1=Q+ 31. Rxg1 Qxb2 0-1


[Site "https://www.chess.com"]

[Event "Titled Tuesday Blitz June 6 Early 2023"]
[White "benny_aizenberg"]
[Black "Bilan, Danila"]
[BlackFideId "24161918"]
[WhiteElo "2716"]
[BlackElo "2146"]
[Result "1-0"]
[Round "11"]
[TimeControl "180+2"]
[Date "2023.06.06"]
[WhiteClock "0:00:47"]
[BlackClock "0:00:02"]
[Board "36"]

1. Nc3 d5 2. d4 Nf6 3. Bf4 Bf5 4. e3 e6 5. f3 h6 6. g4 Bh7 7. h4 Bd6 8. Nge2 Nc6 9. Qd2 Qd7 10. O-O-O O-O-O 11. Bg2 Na5 12. b3 Bb4 13. Kb2 Qe7 14. g5 hxg5 15. hxg5 Nd7 16. e4 Nb6 17. Qd3 Bg6 18. a4 Nc6 19. Nb5 a6 20. Bxc7 Ba3+ 21. Ka1 axb5 22. Bxb6 bxa4 23. Bxd8 Rxd8 24. bxa4 Qb4 25. Qb3 1-0


[Site "https://www.chess.com"]

[Event "Titled Tuesday Blitz June 6 Early 2023"]
[White "Wagner, Dennis"]
[Black "Trifan, Andrei Ioan"]
[WhiteFideId "24650684"]
[BlackFideId "12967068"]
[WhiteElo "2478"]
[BlackElo "2208"]
[Result "0-1"]
[Round "11"]
[TimeControl "180+2"]
[Date "2023.06.06"]
[WhiteClock "0:00:05"]
[BlackClock "0:00:12"]
[Board "37"]

1. e4 e5 2. Nf3 Nc6 3. Bb5 a6 4. Ba4 Nf6 5. O-O Be7 6. d3 b5 7. Bb3 d6 8. a3 Be6 9. Nc3 d5 10. Ng5 Qd7 11. exd5 Nxd5 12. Nxe6 fxe6 13. Qh5+ g6 14. Qh3 O-O-O 15. Be3 Kb7 16. Ne4 Nd4 17. Bxd4 exd4 18. a4 b4 19. a5 e5 20. Bxd5+ Qxd5 21. Rfe1 h5 22. Nd2 Rhf8 23. Nc4 Bd6 24. Re4 Rf4 25. Rae1 Rxe4 26. Rxe4 b3 27. cxb3 Qb5 28. Qf3 Ka7 29. Qd1 Rb8 30. h4 Rb7 31. Kh2 Qc5 32. Qf3 Rxb3 33. Qg3 Qd5 34. Qxg6 Rxd3 35. Nxd6 Qxd6 36. Qxh5 Rd2 37. Rxe5 Rxb2 38. f4 d3 39. Qd1 d2 40. h5 Rb1 41. Qf3 d1=Q 42. Qe3+ Q1d4 43. h6 Qxe3 44. Rxe3 Qxf4+ 45. Rg3 Rh1+ 46. Kxh1 Qxg3 47. h7 Qh4+ 48. Kg1 Qxh7 49. g4 Qe4 50. Kh2 Qxg4 51. Kh1 Kb7 0-1


[Site "https://www.chess.com"]

[Event "Titled Tuesday Blitz June 6 Early 2023"]
[White "Redzisz, Michal"]
[Black "Ashraf, Artin"]
[WhiteFideId "21816107"]
[BlackFideId "22514805"]
[WhiteElo "2175"]
[BlackElo "2224"]
[Result "1-0"]
[Round "11"]
[TimeControl "180+2"]
[Date "2023.06.06"]
[WhiteClock "0:01:28"]
[BlackClock "0:00:05"]
[Board "38"]

1. e4 c5 2. Nf3 d6 3. d4 cxd4 4. Qxd4 Nc6 5. Bb5 Bd7 6. Qd3 Nf6 7. Nc3 a6 8. Bxc6 Bxc6 9. Bg5 e6 10. O-O-O Be7 11. Bxf6 Bxf6 12. Rhe1 Be7 13. Nd4 O-O 14. f4 Rc8 15. Kb1 Qa5 16. f5 Bd7 17. e5 d5 18. Rf1 Bb4 19. Nce2 Rfe8 20. f6 g6 21. Qe3 Bf8 22. h4 Rc4 23. h5 g5 24. Qxg5+ Kh8 25. Rf3 Rec8 26. Rg3 1-0


[Site "https://www.chess.com"]

[Event "Titled Tuesday Blitz June 6 Early 2023"]
[White "kuanysh1981"]
[Black "Veiga, Jose Francisco R P Neves"]
[BlackFideId "1930087"]
[WhiteElo "2480"]
[BlackElo "2319"]
[Result "1-0"]
[Round "11"]
[TimeControl "180+2"]
[Date "2023.06.06"]
[WhiteClock "0:01:48"]
[BlackClock "0:00:36"]
[Board "39"]

1. d4 Nf6 2. Nf3 e6 3. g3 c5 4. Bg2 Nc6 5. O-O Be7 6. c4 cxd4 7. Nxd4 O-O 8. Nc3 a6 9. b3 Qc7 10. Bb2 d6 11. Rc1 Bd7 12. Nd5 Qd8 13. Nxe7+ Qxe7 14. Ba3 Rfd8 15. Qd2 Rac8 16. Rfd1 Ne8 17. Nc2 b5 18. cxb5 axb5 19. Nb4 Ne5 20. f4 Ng6 21. Bb2 d5 22. Nd3 Ra8 23. Bd4 Rdc8 24. Rxc8 Rxc8 25. Rc1 Qa3 26. Rxc8 Bxc8 27. Qc2 Bd7 28. Nc5 Bc8 29. Na4 Bb7 30. Bc5 b4 31. Be3 h5 32. Bc1 1-0


[Site "https://www.chess.com"]

[Event "Titled Tuesday Blitz June 6 Early 2023"]
[White "Tomaszewski, Kacper"]
[Black "Belov, Alexei"]
[WhiteFideId "1127373"]
[BlackFideId "4128206"]
[WhiteElo "2211"]
[BlackElo "2634"]
[Result "0-1"]
[Round "11"]
[TimeControl "180+2"]
[Date "2023.06.06"]
[WhiteClock "0:00:09"]
[BlackClock "0:00:20"]
[Board "40"]

1. d4 e6 2. c4 d5 3. Nc3 Be7 4. Bf4 Nf6 5. e3 O-O 6. a3 Nbd7 7. Nf3 a6 8. c5 c6 9. b4 Ne4 10. Qc2 f5 11. Bd3 g5 12. Bg3 Nxc3 13. Qxc3 f4 14. Qc2 h6 15. Bh7+ Kh8 16. h4 fxg3 17. hxg5 gxf2+ 18. Kxf2 Bxg5 19. Rh5 e5 20. dxe5 Nxe5 21. Rah1 Qf6 22. Ke1 Nxf3+ 23. gxf3 Bxe3 24. Bd3 Bg5 25. Be2 Bf5 26. Qd1 Rae8 27. Kf1 Bg6 28. Rxh6+ Bxh6 29. Rxh6+ Kg7 30. Rh2 Rh8 31. Rg2 Kf7 32. Qd2 Bf5 33. Qf4 Bh3 34. Qc7+ Re7 0-1


[Site "https://www.chess.com"]

[Event "Titled Tuesday Blitz June 6 Early 2023"]
[White "Toncheva, Nadya"]
[Black "Fiorito, Joaquin"]
[WhiteFideId "2924056"]
[BlackFideId "180173"]
[WhiteElo "2101"]
[BlackElo "2199"]
[Result "0-1"]
[Round "11"]
[TimeControl "180+2"]
[Date "2023.06.06"]
[WhiteClock "0:00:02"]
[BlackClock "0:00:08"]
[Board "41"]

1. e4 c6 2. d4 d5 3. Nc3 dxe4 4. Nxe4 Nf6 5. Nxf6+ exf6 6. c3 Bd6 7. Bd3 O-O 8. Ne2 Re8 9. O-O Nd7 10. Ng3 Nf8 11. f4 Qc7 12. f5 Bxg3 13. hxg3 Qxg3 14. Bf4 Qh4 15. Rf3 Bd7 16. Qf1 g5 17. fxg6 hxg6 18. Bd6 Kg7 19. Be5 Nh7 20. Bc4 Bg4 21. Rf4 Qg5 22. Bd6 Be6 23. Bd3 Rad8 24. Ba3 f5 25. b3 Nf6 26. Bb2 Nd5 27. Rf2 Ne3 28. Qc1 f4 29. c4 f6 30. Bc3 Rh8 31. d5 Qh4 32. Bxf6+ Kxf6 33. Qc3+ Ke7 34. Rf3 Qh1+ 35. Kf2 Qxg2+ 36. Ke1 Rh1+ 37. Rf1 Rxf1+ 38. Bxf1 Qxf1+ 39. Kd2 Qf2+ 40. Kc1 cxd5 41. Qg7+ Kd6 42. Qf6 Qc2# 0-1


[Site "https://www.chess.com"]

[Event "Titled Tuesday Blitz June 6 Early 2023"]
[White "Agibileg, Uurtsaikh"]
[Black "ArchibaldCerveza29"]
[WhiteFideId "4901606"]
[WhiteElo "2353"]
[BlackElo "2461"]
[Result "0-1"]
[Round "11"]
[TimeControl "180+2"]
[Date "2023.06.06"]
[WhiteClock "0:01:17"]
[BlackClock "0:00:52"]
[Board "42"]

1. d4 d5 2. c4 e6 3. Nc3 Nf6 4. cxd5 exd5 5. Bg5 c6 6. e3 h6 7. Bh4 Bd6 8. Bd3 O-O 9. Nge2 Re8 10. O-O Bxh2+ 11. Kxh2 Ng4+ 12. Kg3 g5 13. Rh1 Qf6 14. Nf4 Nxe3 15. Qf3 Bg4 16. Bxg5 hxg5 17. Bh7+ Kg7 18. Nh5+ Bxh5 19. Qxf6+ Kxf6 20. fxe3 Bg6 21. Raf1+ Kg7 22. Bxg6 Kxg6 23. Rf3 Nd7 24. Rhf1 f6 25. Nd1 Re7 26. Nf2 Rae8 27. Ng4 Re6 28. Rh1 b6 29. b4 c5 30. bxc5 bxc5 31. dxc5 Nxc5 32. Rhf1 Ne4+ 33. Kh2 Rh8+ 34. Kg1 Rh4 0-1


[Site "https://www.chess.com"]